 Dungeon Crawl Stone Soup version 0.30-a0-1112-gfb780f5df6 (webtiles) character file.

Game seed: 11569006257027126510

4461 jasper the Arsonist (level 10, -5/71 HPs)
             Began as a Demonspawn Cinder Acolyte on Apr 19, 2023.
             Was an Elder of Ignis.
             Slain by a wraith (6 damage)
             ... on level 9 of the Dungeon.
             The game lasted 00:13:56 (8630 turns).

jasper the Arsonist (Demonspawn Cinder Acolyte)     Turns: 8630, Time: 00:13:57

Health: -5/71      AC: 18    Str: 15    XL:     10   Next: 15%
Magic:  0/21       EV: 11    Int: 31    God:    Ignis [****..]
Gold:   295        SH:  0    Dex:  4    Spells: 15/24 levels left

rFire   + . .      SeeInvis .    a - -1 spear (flame)
rCold   . . .      Faith    .    (no shield)
rNeg    + . .      Spirit   +    s - +3 leather armour {rN+}
rPois   .          Reflect  .    H - +1 hat
rElec   .          Rampage  .    r - +0 cloak
rCorr   +                        f - +0 pair of gloves
Will    +....                    (no boots)
Stlth   +                        (no amulet)
HPRegen 0.31/turn                i - +6 ring of intelligence
MPRegen 0.34/turn                G - ring of Suicidal Tendencies {Will+ rCorr Int+5 Dex-4}

@: fiery-armoured, slowed, very slow
A: antennae 1, yellow scales 1, foul stench 2, magic shield, magic regeneration
a: Renounce Religion, Fiery Armour, Foxfire Swarm


You were on level 9 of the Dungeon.
You worshipped Ignis.
Ignis was greatly pleased with you.
You visited 1 branch of the dungeon, and saw 11 of its levels.

You collected 1347 gold pieces.
You spent 1052 gold pieces at shops.

Inventory:

Hand Weapons
 a - a -1 spear of flaming (weapon)
 m - the +7 mace of Kohaeleke {freeze, Contam rF++}
   (You found it on level 3 of the Dungeon)

   rF:        It greatly protects you from fire.
   Contam:    It causes magical contamination when unequipped.
 O - the +2 trident "Oden" {heavy, Will+ Str+3 Stlth+}
   (You found it on level 11 of the Dungeon)

   Str:       It affects your strength (+3).
   Will:      It increases your willpower.
   Stlth:     It makes you more stealthy.
Missiles
 h - 10 boomerangs
 j - 17 poisoned darts
 q - 2 curare-tipped darts
Armour
 b - a +0 robe
 f - a +0 pair of gloves (worn)
 r - a +0 cloak (worn)
 s - a +3 leather armour of positive energy (worn)
 H - a +1 hat (worn)
Jewellery
 i - a +6 ring of intelligence (left hand)
 t - a +6 ring of dexterity
 x - a ring of ice
 C - a ring of flight
 G - the ring of Suicidal Tendencies (right hand) {Will+ rCorr Int+5 Dex-4}
   (You acquired it on level 7 of the Dungeon)

   [ring of willpower]

   Int:       It affects your intelligence (+5).
   Dex:       It affects your dexterity (-4).
   rCorr:     It protects you from acid and corrosion.
   Will:      It increases your willpower.
Wands
 w - a wand of digging (5)
 D - a wand of light (9)
 L - a wand of polymorph (7)
Scrolls
 n - a scroll of amnesia
 p - a scroll of magic mapping
 y - a scroll of teleportation
 E - a scroll of enchant armour {unknown}
 I - 3 scrolls of immolation
 J - a scroll of noise {unknown}
 K - a scroll of fear {unknown}
 M - a scroll of enchant weapon {unknown}
 N - 3 scrolls of identify
Potions
 d - 3 potions of attraction
 e - 4 potions of invisibility
 g - 2 potions of curing
 k - a potion of haste
 l - 2 potions of might
 o - a potion of magic {unknown}
 u - a potion of berserk rage {unknown}
 v - a potion of flight {unknown}
 z - a potion of lignification {unknown}
 A - 2 potions of mutation {unknown}
 B - 2 potions of degeneration {unknown}
 F - a potion of cancellation {unknown}


   Skills:
 - Level 4.0 Fighting
 - Level 2.6 Polearms
 - Level 0.5 Dodging
 + Level 7.8 Spellcasting
 + Level 7.9 Conjurations
 + Level 8.5 Fire Magic


You had 15 spell levels left.
You knew the following spells:

 Your Spells              Type           Power      Damage    Failure   Level
a - Scorch                Fire           100%       2d9       1%          2
b - Fireball              Conj/Fire      29%        3d13      4%          5
c - Blink                 Tloc           24%        N/A       8%          2

Your spell library contained the following spells:

 Spells                   Type           Power      Damage    Failure   Level
 Foxfire                  Conj/Fire      100%       2x1d9     1%          1
 Momentum Strike          Conj/Tloc      72%        3d10      1%          2
 Necrotise                Necr           48%        1d6       4%          1
 Lesser Beckoning         Tloc           24%        N/A       8%          2
 Ozocubu's Armour         Ice            12%        N/A       16%         3
 Vampiric Draining        Necr           12%        2d6       16%         3
 Starburst                Conj/Fire      29%        6d9       26%         6
 Petrify                  Tmut/Erth      12%        N/A       45%         4
 Summon Lightning Spire   Summ/Air       12%        N/A       45%         4
 Agony                    Necr           12%        N/A       80%         5
 Metabolic Englaciation   Hex/Ice        6%         N/A       80%         5
 Plasma Beam              Fire/Air       19%        2x1d33    80%         6
 Statue Form              Tmut/Erth      8%         N/A       100%        6
 Ozocubu's Refrigeration  Ice            6%         4d8       100%        7
 Storm Form               Tmut/Air       6%         N/A       100%        7
 Maxwell's Capacitive Co  Air            6%         ∞         100%        8


Dungeon Overview and Level Annotations

Branches:
Dungeon (11/15)            Temple (0/1) D:6
   Lair: D:8-11         Orc: D:9-12

Altars:
Ashenzari
Fedhas
Hepliaklqana
Makhleb
Nemelex Xobeh
Sif Muna
Xom

Shops:
D:1 :   D:4 =   D:8 [


Innate Abilities, Weirdness & Mutations

You have a pair of small antennae on your head.
You are partially covered in yellow scales. (AC +2)
You sometimes emit foul miasma when damaged in melee.
When hurt, damage is shared between your health and your magic reserves.
You regenerate magic rapidly.


Message History

* * * LOW HITPOINT WARNING * * *
The wraith hits you but does no damage.
Casting: Scorch (safe; 1% risk of failure)
Press: ? - help, Q - select action, (/) - cycle Dir - look around, f - activate Flames lash the wraith.
The wraith is heavily damaged.
The wraith's fire resistance burns away.
The wraith hits you but does no damage.
You now have 0/21 mp.
You hit the wraith but do no damage.
The wraith is heavily damaged.
The wraith closely misses you. The wraith hits you but does no damage.
The wraith is burned terribly!
The wraith is burned by your cloak of flames.
The wraith is heavily damaged.
You closely miss the wraith.
The wraith is heavily damaged.
The wraith barely misses you.
You hit the wraith but do no damage.
The wraith is heavily damaged.
The wraith is no longer more vulnerable to fire.
The wraith closely misses you. The wraith hits you.
* * * LOW HITPOINT WARNING * * *
The wraith drains your vigour!
You feel as though you will be slow longer.
You take 3 damage, and have 9/71 hp.
You closely miss the wraith.
The wraith is heavily damaged.
The wraith misses you.
Casting: Scorch (safe; 1% risk of failure)
Press: ? - help, Q - select action, (/) - cycle Dir - look around, f - activate Flames lash the wraith.
The wraith is almost destroyed.
The wraith's fire resistance burns away.
The wraith hits you!
* * * LOW HITPOINT WARNING * * *
The wraith drains your vigour!
You feel as though you will be slow longer.
The wraith hits you.
You die...

.......
#...!..##
#........
#.......#
#......)#
#.......#
#......)#
###?.#.@#
.......W##
...).....##
..........##
.......#...#
.......#...#
.......!...# .
.............
..
..............
..


You could see a wraith (combustible).

Vanquished Creatures
  A two-headed ogre (D:8)
  Joseph (D:8)
  A wraith (D:11)
  A vampire (D:11)
  A steam dragon (D:6)
  Edmund (D:5)
  2 water moccasins
  2 acid dragons
  3 orc warriors
  3 ice beasts
  A sky beast (D:8)
  3 centaurs
  Blork the orc (D:5)
  2 kobold brigands
  3 bullfrogs
  4 scorpions
  4 killer bees (D:8)
  An electric eel (D:7)
  2 howler monkeys
  2 hounds (D:5)
  A jelly (D:6)
  2 orc priests (D:11)
  A sleepcap (D:4)
  4 iguanas
  11 orc wizards
  5 gnolls
  7 adders
  2 shadow imps
  2 white imps
  An ufetubus (D:6)
  A worm (D:3)
  2 dart slugs
  12 orcs
  4 bats
  11 endoplasms
  3 giant cockroaches
  10 goblins
  7 hobgoblins
  3 quokkas
  5 ball pythons
  6 frilled lizards
  13 kobolds
  6 rats
158 creatures vanquished.

Vanquished Creatures (others)
  A shadow (D:9)
  A centaur (D:8)
  2 kobold brigands
  A howler monkey (D:8)
  2 orc priests (D:8)
7 creatures vanquished.

Grand Total: 165 creatures vanquished

Notes
Turn   | Place    | Note
-------+----------+-------------------------------------------
     0 | D:1      | jasper the Demonspawn Cinder Acolyte began the quest for
                  | the Orb.
     0 | D:1      | Reached XP level 1. HP: 18/18 MP: 2/2
   330 | D:1      | Reached skill level 3 in Fire Magic
   330 | D:1      | Gained mutation: You have a pair of small antennae on your
                  | head. [demonic ancestry]
   330 | D:1      | Reached XP level 2. HP: 14/24 MP: 3/3
   469 | D:1      | Learned a level 2 spell: Scorch
   862 | D:1      | Found a faded altar of an unknown god.
  1112 | D:1      | Reached XP level 3. HP: 29/29 MP: 2/5
  1196 | D:1      | Found Fybefa's Book Emporium.
  1814 | D:2      | Gained mutation: You regenerate magic rapidly. [demonic
                  | ancestry]
  1814 | D:2      | Reached XP level 4. HP: 17/35 MP: 1/6
  2907 | D:3      | Identified the +7 mace of Kohaeleke {freeze, Contam rF++}
  3036 | D:3      | Noticed a scorpion
  3039 | D:3      | Killed a scorpion
  3040 | D:3      | Reached skill level 4 in Fire Magic
  3040 | D:3      | Reached XP level 5. HP: 42/42 MP: 1/8
  3584 | D:3      | Identified a scroll of acquirement
  3584 | D:3      | Acquired 917 gold pieces
  3634 | D:1      | Bought a book of Spatial Translocations for 180 gold pieces
  3634 | D:1      | Bought a book of Fire for 440 gold pieces
  3640 | D:1      | Learned a level 5 spell: Fireball
  3670 | D:2      | Learned a level 2 spell: Blink
  3679 | D:4      | Found Xaareom's Jewellery Shop.
  3683 | D:4      | Bought a +6 ring of intelligence for 432 gold pieces
  3824 | D:4      | Found a broken altar of Ashenzari.
  4520 | D:5      | Entered Level 5 of the Dungeon
  4551 | D:5      | Noticed Blork the orc
  4554 | D:5      | Killed Blork the orc
  4555 | D:5      | Reached skill level 1 in Conjurations
  4555 | D:5      | Gained mutation: When hurt, damage is shared between your
                  | health and your magic reserves. [demonic ancestry]
  4555 | D:5      | Reached XP level 6. HP: 48/48 MP: 3/10
  4813 | D:5      | Noticed an ice beast
  4817 | D:5      | Killed an ice beast
  4818 | D:5      | Reached skill level 5 in Fire Magic
  4818 | D:5      | Gained mutation: You are partially covered in yellow
                  | scales. (AC +2) [demonic ancestry]
  4818 | D:5      | Reached XP level 7. HP: 54/54 MP: 4/12
  5083 | D:5      | Found a sparkling altar of Nemelex Xobeh.
  5242 | D:5      | Noticed Edmund
  5331 | D:5      | Killed Edmund
  5704 | D:6      | Gained mutation: You may rarely emit foul miasma when
                  | damaged in melee. [demonic ancestry]
  5704 | D:6      | Reached XP level 8. HP: 60/60 MP: 10/15
  5749 | D:6      | Found a staircase to the Ecumenical Temple.
  5916 | D:6      | Found a blossoming altar of Fedhas.
  5924 | D:6      | Reached skill level 5 in Spellcasting
  5924 | D:6      | Reached skill level 6 in Fire Magic
  6207 | D:6      | Reached skill level 5 in Conjurations
  6800 | D:6      | Found a shimmering blue altar of Sif Muna.
  7261 | D:7      | Reached XP level 9. HP: 62/65 MP: 12/18
  7268 | D:7      | Reached skill level 7 in Fire Magic
  7621 | D:7      | Acquired the ring of Suicidal Tendencies {Will+ rCorr Int+5
                  | Dex-4}
  7626 | D:7      | Found a hazy altar of Hepliaklqana.
  7847 | D:8      | Found Qiohipn's Armour Shop.
  7920 | D:8      | Noticed a two-headed ogre
  7926 | D:8      | Killed a two-headed ogre
  7927 | D:8      | Reached skill level 8 in Fire Magic
  8038 | D:8      | Found a shimmering altar of Xom.
  8043 | D:8      | Noticed Joseph
  8047 | D:8      | Killed Joseph
  8183 | D:8      | Gained mutation: You sometimes emit foul miasma when
                  | damaged in melee. [demonic ancestry]
  8183 | D:8      | Reached XP level 10. HP: 71/71 MP: 12/21
  8238 | D:8      | Found a burning altar of Makhleb.
  8241 | D:8      | You fall into a shaft and drop 3 floors!
  8271 | D:11     | Identified the +2 trident "Oden" {heavy, Will+ Str+3
                  | Stlth+}
  8547 | D:11     | Noticed a cyclops
  8557 | D:10     | Entered Level 10 of the Dungeon
  8630 | D:9      | HP: 1/71 [wraith (9)]
  8630 | D:9      | Slain by a wraith

Illustrated notes

Levels and vault maps discovered:
D:1:      minmay_arrival_checkered_box, layout_loops_corners,
          shapermc_ecumenical_altar_hornbeckon, serial_shops,
          nicolae_shop_back_alley_shop, amcnicky_mini_corridor_feature,
          serial_park_tiny_1
D:2:      layout_loops_corners
D:3:      layout_loops_ring
D:4:      layout_loops_ring, mainiacjoe_overflow_brackets,
          nicolae_ashenzari_panopticon, st_stairs_12, minmay_misc_feat_doors,
          nicolae_stop_n_shop_2
D:5:      layout_basic, nemelex_diamond_rough_becter, uniq_edmund,
          uniq_blork_the_orc
D:6:      minmay_recursive_quarters, layout_loops_ring,
          mainiacjoe_overflow_concentric_impassable, kennysheep_orc_sif_temple,
          minmay_temple_entry_mini_moons
D:7:      layout_rooms, nicolae_hepliaklqana_hazy_memory, minivault_4
D:8:      minmay_flawed_box, layout_rooms, xom_confusion_cloud,
          mainiacjoe_overflow_six_doors_small, dpeg_oklobed_lair, serial_shops,
          shop, uniq_joseph, uniq_maggie
D:9:      layout_rooms, serial_shops, nicolae_shop_real_fake_doors,
          chequers_serial_rivers_micro_a, chequers_serial_rivers_large_a,
          grunt_decor_fettered
D:10:     layout_cross
D:11:     hangedman_cross_veins, layout_cave_pods, kennysheep_generic_room_11

Skill      XL: |  1  2  3  4  5  6  7  8  9 |
---------------+----------------------------+-----
Fire Magic     | 3 4 5 6 8 |  8.5
Spellcasting   | 2 3 4 6 7 |  7.8
Fighting       | 4 |  4.0
Conjurations   | 1 2 4 5 7 |  7.9
Polearms       | |  2.6
Dodging        | |  0.5

Action                     |  1- 3 |  4- 6 |  7- 9 | 10-12 || total
---------------------------+-------+-------+-------+-------++-------
  Melee: Spear             |    86 |    14 |    44 |    13 ||   157
         Punch             |     1 |       |       |       ||     1
   Cast: Scorch            |    22 |    66 |   127 |    21 ||   236
         Fireball          |       |       |     9 |     5 ||    14
 Invoke: Fiery Armour      |     2 |       |     1 |     1 ||     4
         Rising Flame      |       |       |       |     1 ||     1
  Evoke: Wand              |       |       |       |     2 ||     2
    Use: Scroll            |     3 |    10 |     4 |     1 ||    18
         Potion            |     1 |       |       |     5 ||     6
 Armour: Robe              |    19 |     3 |     2 |       ||    24
         Leather armour    |       |       |    51 |    14 ||    65
  Dodge: Dodged            |    36 |    31 |    57 |    28 ||   152

Table legend: (Time is in decaauts)
 A = Elapsed time spent in this place.
 B = Non-inter-level travel time spent in this place.
 C = Inter-level travel time spent in this place.
 D = Time resting spent in this place.
 E = Time spent auto-exploring this place.
 F = Levels seen in this place.
 G = Mean time per level.
                   A        B        C        D        E       F      G
               +--------+--------+--------+--------+--------+-----+--------+
         Total |   8644 |   8320 |    324 |    501 |   6594 |  11 |  785.8 |
       Dungeon |   8644 |   8320 |    324 |    501 |   6594 |  11 |  785.8 |
               +--------+--------+--------+--------+--------+-----+--------+

Top non-repeatable levels by time:
     D:1: 1616 daAuts
     D:6: 1425 daAuts
     D:2: 1152 daAuts
     D:5: 1137 daAuts
     D:3: 914 daAuts
     D:4: 840 daAuts
     D:7: 706 daAuts
     D:8: 453 daAuts
    D:11: 315 daAuts
     D:9: 71 daAuts
    D:10: 10 daAuts
